 Dungeon Crawl Stone Soup version 0.26-a0-639-g72c4674329 (webtiles) character file.

Game seed: 660804375239115531

5832 Gargoyl the Fighter (level 10, -7/82 HPs)
             Began as a Gnoll Abyssal Knight on Sept 16, 2020.
             Was an Elder of Lugonu.
             Mangled by a cyan ugly thing (15 damage)
             ... on level 10 of the Dungeon.
             The game lasted 00:12:00 (10775 turns).

Gargoyl the Fighter (Gnoll Abyssal Knight)         Turns: 10775, Time: 00:12:00

Health: -7/82      AC: 13    Str: 18    XL:     10   Next: 80%
Magic:  16/16      EV: 12    Int: 14    God:    Lugonu [****..]
Gold:   575        SH:  0    Dex: 17    Spells: 20/20 levels left

rFire    . . .     SeeInvis .   C - +5 hand axe (elec)
rCold    + . .     Faith    .   (no shield)
rNeg     . . .     Spirit   .   d - +0 chain mail
rPois    +         Reflect  .   D - +0 helmet
rElec    .         Harm     .   m - +0 cloak
rCorr    .         Rampage  .   (no gloves)
MR       +....                  (no boots)
Stlth    +.........             g - amulet of magic regeneration
HPRegen  0.23/turn              v - ring of protection from magic
MPRegen  0.40/turn              l - ring of protection from cold

@: no status effects
A: distributed training, fangs 1, agile 1, low mp 1, poison resistance, sturdy
frame 1, strong nose
a: Depart the Abyss, Bend Space, Banish, Corrupt, Renounce Religion


You were on level 10 of the Dungeon.
You worshipped Lugonu.
Lugonu was greatly pleased with you.
You visited 1 branch of the dungeon, and saw 10 of its levels.
You visited the Abyss 1 time.

You collected 744 gold pieces.
You spent 169 gold pieces at shops.

Inventory:

Hand Weapons
 t - a +3 war axe
 C - a +5 hand axe of electrocution (weapon)
Missiles
 i - 6 silver javelins (quivered)
Armour
 d - a +0 chain mail (worn)
 m - a +0 cloak (worn)
 p - a +0 pair of gloves
 D - a +0 helmet (worn)
Jewellery
 g - an amulet of magic regeneration (around neck)
 l - a ring of protection from cold (right hand)
 v - a ring of protection from magic (left hand)
Wands
 a - a wand of random effects (23)
 y - a wand of acid (19)
Scrolls
 b - 2 scrolls of fear
 r - a scroll of identify
 s - 5 scrolls of remove curse
 w - 3 scrolls of teleportation
 z - 4 scrolls of blinking
 A - 2 scrolls of magic mapping
 H - a scroll of vulnerability {unknown}
Potions
 e - 2 potions of brilliance
 f - 3 potions of might
 h - 6 potions of curing
 j - a potion of ambrosia
 k - 2 potions of resistance
 n - a potion of mutation
 o - a potion of magic {unknown}
 q - a potion of haste
 u - a potion of invisibility {unknown}
 x - 2 potions of flight {unknown}
 B - 3 potions of heal wounds {unknown}
 E - a potion of stabbing {unknown}
 F - a potion of degeneration {unknown}
 G - a potion of experience {unknown}
Miscellaneous
 c - a lightning rod (4/4)


   Skills:
 + Level 8.7 Fighting
 + Level 5.6 Short Blades
 + Level 5.6 Long Blades
 + Level 7.3 Axes
 + Level 5.6 Maces & Flails
 + Level 5.6 Polearms
 + Level 5.6 Staves
 + Level 5.6 Slings
 + Level 5.6 Bows
 + Level 5.6 Crossbows
 + Level 5.6 Throwing
 + Level 7.3 Armour
 + Level 6.2 Dodging
 + Level 5.6 Stealth
 + Level 5.6 Shields
 + Level 5.6 Unarmed Combat
 + Level 5.6 Spellcasting
 + Level 4.6 Conjurations
 + Level 4.6 Hexes
 + Level 4.6 Summonings
 + Level 4.6 Necromancy
 + Level 4.6 Translocations
 + Level 4.6 Transmutations
 + Level 4.6 Fire Magic
 + Level 4.6 Ice Magic
 + Level 4.6 Air Magic
 + Level 4.6 Earth Magic
 + Level 4.6 Poison Magic
 + Level 7.8 Invocations
 + Level 5.6 Evocations


You had 20 spell levels left.
You didn't know any spells.
Your spell library contained the following spells:

 Spells                   Type           Power        Failure   Level
 Animate Skeleton         Necr           ###...       14%         1
 Magic Dart               Conj           ###.         14%         1
 Pain                     Necr           ###.         14%         1
 Searing Ray              Conj           ###...       22%         2
 Confusing Touch          Hex            ###.....     38%         3
 Dazzling Flash           Conj/Hex       ###...       38%         3
 Gell's Gravitas          Tloc           ###.......   38%         3
 Vampiric Draining        Necr           ###.......   38%         3
 Animate Dead             Necr           ###.......   80%         4
 Fulminant Prism          Conj/Hex       ###.......   80%         4
 Iskenderun's Mystic Bla  Conj/Tloc      ###.....     80%         4
 Petrify                  Tmut/Erth      ###.....     80%         4
 Agony                    Necr           ###.....     98%         5
 Metabolic Englaciation   Hex/Ice        ###.......   98%         5
 Yara's Violent Unravell  Hex/Tmut       ###.......   98%         5


Dungeon Overview and Level Annotations

Branches:
Dungeon (10/15)            Temple (0/1) D:7
   Lair: D:8-11         Orc: D:9-12

Altars:
Elyvilon
Gozag
Vehumet
Yredelemnul
The Shining One

Shops:
D:7 (

Annotations:
Abyss:1 dricus's ghost, novice PaFi


Innate Abilities, Weirdness & Mutations

Your experience applies equally to all skills.
You have very sharp teeth.
Your uncanny sense of smell can sniff out nearby items.
You are agile. (Dex +2)
Your magical capacity is low. (-10% MP)
Your system is resistant to poisons. (rPois)
Your movements are slightly less encumbered by armour. (ER -2)


Message History

The cyan ugly thing headbutts you but does no damage.
You hit the cyan ugly thing but do no damage.
The cyan ugly thing is heavily wounded.
The cyan ugly thing headbutts you! The cyan ugly thing shocks you!
Unknown command.
You closely miss the cyan ugly thing.
The cyan ugly thing is heavily wounded.
The cyan ugly thing headbutts you! The cyan ugly thing shocks you!
* * * LOW HITPOINT WARNING * * *
You slash the cyan ugly thing!
The cyan ugly thing is severely wounded.
The cyan ugly thing headbutts you but does no damage.
Unknown command.
Unknown command.
Press: ? - help, Shift-Dir - straight line, f - cyan ugly thing
Aim: a cyan ugly thing (heavily wounded, chance to defeat MR: 72%)
You fail to use your ability.
The cyan ugly thing headbutts you!
* * * LOW HITPOINT WARNING * * *
The cyan ugly thing shocks you!
You die...

#####+##.).##..............#.....
............#..............'.....
............#...##...##....##....
............#...##...##....##....
##....##.####...##.........######
# ######+#########..........# #
....................# #
....................# #
.......u@...........# #
.##.....##..........# #
#.....##...###...## #
#......##...####### #
#......#.....# # #......#.....# #
##.....##....# # #.....##....#
########## . #.....#


You could see a cyan ugly thing.

Vanquished Creatures
  A water nymph (Abyss:3)
  A kobold demonologist (D:7)
  2 trolls
  A hippogriff (D:9)
  Eustachio (D:5)
  An ice beast (D:7)
  2 sky beasts
  An orc warrior (D:7)
  5 ogres
  2 centaurs
  A crocodile (D:10)
  A big kobold (D:8)
  6 bullfrogs
  4 scorpions
  5 wights (D:8)
  2 howler monkeys
  A crimson imp (D:6)
  6 orc wizards
  A gnoll shaman (D:9)
  10 orc priests
  A jelly (D:7)
  5 iguanas
  3 centaur skeletons
  7 worker ants
  A howler monkey skeleton (D:9)
  8 adders
  9 gnolls
  3 shadow imps
  5 white imps
  3 worms
  2 dart slugs
  7 leopard geckos
  29 orcs
  4 giant cockroaches
  6 goblins
  9 hobgoblins
  3 jackals
  9 kobolds
  7 quokkas
  A ball python (D:1)
  4 bats
  4 frilled lizards
  A giant cockroach zombie (D:5)
  A quokka skeleton (D:5)
  7 rats
193 creatures vanquished.

Vanquished Creatures (others)
  3 briar patches (Abyss:3)
3 creatures vanquished.

Grand Total: 196 creatures vanquished

Notes
Turn   | Place    | Note
-------+----------+-------------------------------------------
     0 | Abyss:1  | Gargoyl the Gnoll Abyssal Knight began the quest for the
                  | Orb.
     0 | Abyss:1  | Reached XP level 1. HP: 23/23 MP: 3/3
    63 | Abyss:3  | Noticed a thorn hunter
    65 | Abyss:3  | Noticed a worldbinder
    65 | Abyss:3  | Noticed a water nymph
    65 | Abyss:3  | Noticed a worldbinder
    66 | Abyss:3  | Noticed an orb spider
    66 | Abyss:3  | Noticed a jumping spider
    67 | Abyss:3  | Noticed a troll
    67 | Abyss:3  | Noticed an orc priest
    68 | Abyss:3  | Noticed a water elemental
    72 | Abyss:3  | Noticed an orc priest
    72 | Abyss:3  | Noticed an orc priest
    72 | Abyss:3  | Noticed an orc priest
    73 | Abyss:3  | Killed a water nymph
    73 | Abyss:3  | Reached skill level 5 in Axes
    73 | Abyss:3  | Reached skill level 5 in Armour
    73 | Abyss:3  | Reached skill level 1 in Conjurations
    73 | Abyss:3  | Reached skill level 1 in Hexes
    73 | Abyss:3  | Reached skill level 1 in Summonings
    73 | Abyss:3  | Reached skill level 1 in Necromancy
    73 | Abyss:3  | Reached skill level 1 in Translocations
    73 | Abyss:3  | Reached skill level 1 in Transmutations
    73 | Abyss:3  | Reached skill level 1 in Fire Magic
    73 | Abyss:3  | Reached skill level 1 in Ice Magic
    73 | Abyss:3  | Reached skill level 1 in Air Magic
    73 | Abyss:3  | Reached skill level 1 in Earth Magic
    73 | Abyss:3  | Reached skill level 1 in Poison Magic
    73 | Abyss:3  | Reached skill level 5 in Invocations
    73 | Abyss:3  | Reached XP level 2. HP: 25/29 MP: 3/5
    73 | Abyss:3  | Reached XP level 3. HP: 31/35 MP: 3/6
    73 | Abyss:3  | Reached XP level 4. HP: 36/41 MP: 3/7
    73 | Abyss:3  | Reached XP level 5. HP: 42/47 MP: 3/8
    73 | Abyss:3  | Reached XP level 6. HP: 47/53 MP: 3/9
    74 | D:1      | Escaped the Abyss
   383 | D:1      | Reached * piety under Lugonu
  1966 | D:3      | Reached XP level 7. HP: 32/59 MP: 10/10
  2171 | D:3      | Reached skill level 7 in Fighting
  2213 | D:3      | Reached ** piety under Lugonu
  3590 | D:4      | Reached XP level 8. HP: 64/67 MP: 12/12
  4162 | D:5      | Entered Level 5 of the Dungeon
  4986 | D:5      | Noticed Eustachio
  4992 | D:5      | Reached *** piety under Lugonu
  5006 | D:5      | Killed Eustachio
  5425 | D:6      | Reached XP level 9. HP: 72/72 MP: 14/14
  5671 | D:6      | Got a translucent mace
  5672 | D:6      | Identified the +8 mace "Zugydwomo" {flame, *Drain rC- rN+++
                  | MR++} (You found it on level 6 of the Dungeon)
  6121 | D:7      | Found Ejas's Antique Weapon Shop.
  6140 | D:7      | Bought a glowing war axe for 169 gold pieces
  6175 | D:7      | Found a staircase to the Ecumenical Temple.
  6245 | D:7      | Found a runed translucent gate.
  6247 | D:7      | Found a runed translucent gate.
  6247 | D:7      | Found a runed translucent gate.
  6248 | D:7      | Found an opulent altar of Gozag.
  6248 | D:7      | Noticed an ogre mage
  6250 | D:7      | Noticed dricus's ghost (novice PaFi)
  6250 | D:7      | Noticed a kobold demonologist
  6587 | D:7      | Reached skill level 5 in Dodging
  6890 | D:7      | Found a white marble altar of Elyvilon.
  6964 | D:7      | Found a radiant altar of Vehumet.
  7517 | D:7      | Noticed a red devil
  7518 | D:7      | Banished dricus's ghost
  7518 | D:7      | Reached skill level 8 in Fighting
  7814 | D:7      | Noticed a hellwing
  7819 | D:7      | Killed a kobold demonologist
  7819 | D:7      | Reached XP level 10. HP: 74/80 MP: 17/17
  7835 | D:7      | Banished an ogre mage
  7835 | D:7      | Reached skill level 5 in Short Blades
  7835 | D:7      | Reached skill level 5 in Long Blades
  7835 | D:7      | Reached skill level 5 in Maces & Flails
  7835 | D:7      | Reached skill level 5 in Polearms
  7835 | D:7      | Reached skill level 5 in Staves
  7835 | D:7      | Reached skill level 5 in Slings
  7835 | D:7      | Reached skill level 5 in Bows
  7835 | D:7      | Reached skill level 5 in Crossbows
  7835 | D:7      | Reached skill level 5 in Throwing
  7835 | D:7      | Reached skill level 5 in Stealth
  7835 | D:7      | Reached skill level 5 in Shields
  7835 | D:7      | Reached skill level 5 in Unarmed Combat
  7835 | D:7      | Reached skill level 5 in Spellcasting
  7835 | D:7      | Reached skill level 5 in Evocations
  8647 | D:8      | Found a glowing golden altar of the Shining One.
  9059 | D:9      | Found a basalt altar of Yredelemnul.
  9062 | D:9      | Gained mutation: Your magical capacity is low. (-10% MP)
                  | [potion of mutation]
  9062 | D:9      | Gained mutation: Your system is resistant to poisons.
                  | (rPois) [potion of mutation]
  9062 | D:9      | Gained mutation: You are agile. (Dex +2) [potion of
                  | mutation]
  9062 | D:9      | Gained mutation: Your movements are slightly less
                  | encumbered by armour. (ER -2) [potion of mutation]
  9238 | D:9      | Reached **** piety under Lugonu
 10399 | D:10     | Entered Level 10 of the Dungeon
 10761 | D:10     | Noticed a cyan ugly thing
 10775 | D:10     | Mangled by a cyan ugly thing

Illustrated notes

Levels and vault maps discovered:
D:1:      scummos_arrival_checkerplants, layout_loops_ring, chequers_jeans
D:2:      layout_loops_cross, serial_park_tiny_pond
D:3:      layout_basic
D:4:      layout_basic
D:5:      layout_basic, uniq_eustachio
D:6:      layout_basic, minmay_fire_ice_demons
D:7:      layout_cave_pods, lemuel_crystal_altar, minmay_temple_entry_fiery,
          ebering_ghost_gozag, serial_shops, shop_fountains, elyvilon_altar_1
D:8:      layout_loops_ring, st_stairs_8, nicolae_tso_carved_into_rock
D:9:      layout_cave_pods, yredelemnul_altar_generic
D:10:     layout_gridville, uniq_psyche

Skill      XL: |  1  2  3  4  5  6  7  8  9 10 |
---------------+-------------------------------+-----
Short Blades   | 2 3 4 5 |  5.6
Long Blades    | 2 3 4 5 |  5.6
Axes           | 5 6 7 |  7.3
Maces & Flails | 2 3 4 5 |  5.6
Polearms       | 2 3 4 5 |  5.6
Staves         | 2 3 4 5 |  5.6
Slings         | 2 3 4 5 |  5.6
Bows           | 2 3 4 5 |  5.6
Crossbows      | 2 3 4 5 |  5.6
Throwing       | 2 3 4 5 |  5.6
Armour         | 5 6 7 |  7.3
Dodging        | 3 4 5 6 |  6.2
Stealth        | 2 3 4 5 |  5.6
Shields        | 2 3 4 5 |  5.6
Unarmed Combat | 2 3 4 5 |  5.6
Spellcasting   | 2 3 4 5 |  5.6
Conjurations   | 1 2 3 4 |  4.6
Hexes          | 1 2 3 4 |  4.6
Summonings     | 1 2 3 4 |  4.6
Necromancy     | 1 2 3 4 |  4.6
Translocations | 1 2 3 4 |  4.6
Transmutations | 1 2 3 4 |  4.6
Fire Magic     | 1 2 3 4 |  4.6
Ice Magic      | 1 2 3 4 |  4.6
Air Magic      | 1 2 3 4 |  4.6
Earth Magic    | 1 2 3 4 |  4.6
Poison Magic   | 1 2 3 4 |  4.6
Invocations    | 5 6 7 |  7.8
Evocations     | 2 3 4 5 |  5.6
Fighting       | 7 8 |  8.7

Action                   |  1- 3 |  4- 6 |  7- 9 | 10-12 || total
-------------------------+-------+-------+-------+-------++-------
Melee: Hand axe          |       |   110 |   252 |   167 ||   529
       Bite              |       |    14 |    37 |    17 ||    68
       War axe           |       |       |    76 |       ||    76
       Punch             |       |       |     2 |     2 ||     4
Invok: Depart the Abyss  |       |     1 |       |       ||     1
       Banish            |       |       |     1 |     1 ||     2
Evoke: Lightning rod     |     2 |     1 |       |       ||     3
  Use: Scroll            |       |     5 |    18 |     3 ||    26
       Potion            |       |       |       |     1 ||     1
 Stab: Sleeping          |       |     3 |       |       ||     3
Armor: Leather armour    |     2 |     8 |       |       ||    10
       Ring mail         |       |    13 |       |       ||    13
       Chain mail        |       |     8 |   208 |    91 ||   307
Dodge: Dodged            |     1 |    47 |   156 |    96 ||   300

Table legend: (Time is in decaauts)
 A = Elapsed time spent in this place.
 B = Non-inter-level travel time spent in this place.
 C = Inter-level travel time spent in this place.
 D = Time resting spent in this place.
 E = Time spent auto-exploring this place.
 F = Levels seen in this place.
 G = Mean time per level.
                   A        B        C        D        E       F      G
               +--------+--------+--------+--------+--------+-----+--------+
         Total |  10793 |  10565 |    228 |   2555 |   6266 |  13 |  830.2 |
       Dungeon |  10713 |  10485 |    228 |   2555 |   6214 |  10 | 1071.3 |
         Abyss |     80 |     80 |      0 |      0 |     52 |   3 |   26.7 |
               +--------+--------+--------+--------+--------+-----+--------+

Top non-repeatable levels by time:
     D:7: 1805 daAuts
     D:3: 1401 daAuts
     D:9: 1335 daAuts
     D:5: 1202 daAuts
     D:4: 1074 daAuts
     D:1: 1026 daAuts
     D:6: 1019 daAuts
     D:8: 872 daAuts
     D:2: 601 daAuts
    D:10: 373 daAuts
 Abyss:2: 39 daAuts
 Abyss:1: 23 daAuts
 Abyss:3: 18 daAuts
